 Dungeon Crawl Stone Soup version 0.26.1-11-gd32895ea62 (webtiles) character file.

Game seed: 16340906033906212831

760 ubername the Chiller (level 7, -5/48 HPs)
             Began as a Barachi Ice Elementalist on July 8, 2021.
             Slain by a wraith (13 damage)
             ... in an ossuary.
             The game lasted 00:19:21 (7568 turns).

ubername the Chiller (Barachi Ice Elementalist)     Turns: 7568, Time: 00:19:21

Health: -5/48      AC: 11    Str: 11    XL:     7   Next: 80%
Magic:  6/15       EV: 17    Int: 16    God:
Gold:   327        SH:  0    Dex: 14    Spells: 7/16 levels left

rFire    . . .     SeeInvis .   a - +0 short sword
rCold    . . .     Faith    .   (no shield)
rNeg     . . .     Spirit   .   h - +0 robe
rPois    .         Reflect  .   (no helmet)
rElec    +         Harm     .   (no cloak)
rCorr    .         Rampage  .   (no gloves)
Will     .....                  n - +0 pair of boots
Stlth    ++........             (no amulet)
HPRegen  0.16/turn              r - +4 ring of evasion
MPRegen  0.14/turn              (no ring)

@: icy armour, about to teleport, slowed, very slow
A: +LOS, swims, shaggy fur 1, electricity resistance, slowness 1, strong 1,
MP-powered wands, strong legs 1
a: Hop


You were in an ossuary.
You visited 1 branch of the dungeon, and saw 5 of its levels.
You also visited: Ossuary.

You collected 327 gold pieces.

Inventory:

Hand Weapons
 a - a +0 short sword (weapon)
 b - a +0 hunting sling
 s - a +6 vorpal dire flail
Missiles
 e - 28 sling bullets
 f - 27 poisoned darts
 l - 3 boomerangs (quivered)
Armour
 h - a +0 robe (worn)
 n - a +0 pair of boots (worn)
Jewellery
 p - an uncursed ring of see invisible {unknown}
 q - an uncursed amulet of faith {unknown}
 r - a +4 ring of evasion (left hand)
 x - an uncursed ring of see invisible {unknown}
Wands
 i - a wand of polymorph (6)
 m - a wand of digging (1)
Scrolls
 c - 3 scrolls of fear
 g - 3 scrolls of identify
 o - a scroll of teleportation
 t - a scroll of brand weapon {unknown}
 u - a scroll of remove curse
 w - 2 scrolls of magic mapping {unknown}
Potions
 d - a potion of brilliance
 j - 3 potions of curing
 k - 2 potions of haste
 v - a potion of flight
 z - 2 potions of attraction {unknown}


   Skills:
 + Level 1.0 Fighting
 + Level 1.8 Short Blades
 + Level 0.1(0.7) Slings
 + Level 1.2 Throwing
 + Level 3.0 Dodging
 + Level 3.1 Stealth
 + Level 5.4 Spellcasting
 + Level 0.3 Conjurations
 + Level 7.8 Ice Magic


You had 7 spell levels left.
You knew the following spells:

 Your Spells              Type           Power        Failure   Level
a - Freeze                Ice            100%         1%          1
b - Frozen Ramparts       Ice            58%          1%          3
c - Ozocubu's Armour      Ice            29%          1%          3
d - Searing Ray           Conj           10%          21%         2

Your spell library contained the following spells:

 Spells                   Type           Power        Failure   Level
 Magic Dart               Conj           20%          13%         1
 Hailstorm                Conj/Ice       17%          26%         4
 Summon Ice Beast         Ice/Summ       16%          28%         4
 Dazzling Flash           Conj/Hex       8%           38%         3
 Fulminant Prism          Conj/Hex       2%           80%         4
 Iskenderun's Mystic Bla  Conj/Tloc      4%           80%         4


Dungeon Overview and Level Annotations

Branches:
Dungeon (5/15)            Ossuary (1/1)
 Temple: D:4-7

Altars:
Gozag
Hepliaklqana
Nemelex Xobeh
Qazlal
Ru
Sif Muna
Xom
Zin

Shops:
D:4 *

Annotations:
D:4 3 runed translucent doors, Avalonian's ghost, novice BaFi


Innate Abilities, Weirdness & Mutations

You can be seen from farther away. (+LOS)
You can swim through water.
You cover ground slowly.
You can hop short distances.
You are covered in fur. (AC +1)
You are resistant to electric shocks. (rElec)
Your muscles are strong. (Str +2)
You expend magic power (3 MP) to strengthen your wands.


Message History

Aim: a wraith (moderately damaged, 26% to evade)
The searing ray hits the wraith.
The wraith is moderately damaged. (Press . to maintain the ray.)
The wraith hits you.
* * * LOW HITPOINT WARNING * * *
The wraith hits you but does no damage.
The searing ray hits the wraith.
The wraith is heavily damaged.
The wraith misses you.
The searing ray misses the wraith.
The wraith hits you!
* * * LOW HITPOINT WARNING * * *
The wraith misses you.
The searing ray hits the wraith but does no damage.
The wraith is heavily damaged.
You finish channeling your searing ray.
The wraith hits you but does no damage.
As you read the scroll of teleportation, it crumbles to dust.
You feel strangely unstable. The wraith hits you but does no damage.
The wraith hits you!
You die...

####.####.....####.####..#
........^..^.............#
..........#.#............#
####......#'#......####.^#
#.'...8...#.#...8.^.'.#..#
####......###......####..#
...............^.........#
........^.^..............#
#.#..#.#..#.#..#@#..#.#..#
#'#..#'#..#'#..#W#..#'#..#
#.#..#!#..#.#..#!#..#.#..#
###..###^.###..###..###..#
..........^..............#
...........^.............#
##########################


You could see a wraith.

Vanquished Creatures
  Edmund (D:5)
  An ogre (D:4)
  Blork the orc (D:4)
  2 hounds
  2 orc priests (D:4)
  Natasha (thrice) (D:4)
  Terence (D:3)
  3 mummies (Ossuary)
  Robin (D:3)
  10 adders
  A white imp (D:5)
  An adder zombie (D:4)
  6 worms
  A dart slug (D:2)
  2 leopard geckos
  9 orcs
  2 ball pythons
  2 giant cockroaches
  15 goblins
  13 hobgoblins
  14 jackals
  2 quokkas
  6 bats
  8 frilled lizards
  6 goblin zombies (Ossuary)
  2 hobgoblin zombies (Ossuary)
  6 kobolds
  3 kobold zombies (Ossuary)
  6 rats
130 creatures vanquished.

Notes
Turn   | Place    | Note
-------+----------+-------------------------------------------
     0 | D:1      | ubername the Barachi Ice Elementalist began the quest for
                  | the Orb.
     0 | D:1      | Reached XP level 1. HP: 13/13 MP: 3/3
   297 | D:1      | Reached skill level 5 in Ice Magic
   359 | D:1      | Reached XP level 2. HP: 7/19 MP: 1/5
  1455 | D:2      | Reached XP level 3. HP: 24/24 MP: 2/7
  1537 | D:2      | Learned a level 3 spell: Frozen Ramparts
  2257 | D:2      | Reached XP level 4. HP: 30/30 MP: 4/8
  2442 | D:2      | Gained mutation: Scrolls take you a little longer to read.
                  | [potion of mutation]
  2442 | D:2      | Gained mutation: You are frail. (-10% HP) [potion of
                  | mutation]
  2442 | D:2      | Gained mutation: You are partially covered in thin metallic
                  | scales. (AC +2) [potion of mutation]
  2755 | D:3      | Lost mutation: You are frail. (-10% HP) [potion of
                  | mutation]
  2755 | D:3      | Lost mutation: Scrolls take you a little longer to read.
                  | [potion of mutation]
  2755 | D:3      | Lost mutation: You are partially covered in thin metallic
                  | scales. (AC +2) [potion of mutation]
  2755 | D:3      | Gained mutation: You are resistant to electric shocks.
                  | (rElec) [potion of mutation]
  2755 | D:3      | Gained mutation: Your magical capacity is low. (-10% MP)
                  | [potion of mutation]
  2755 | D:3      | Gained mutation: You are robust. (+10% HP) [potion of
                  | mutation]
  2755 | D:3      | Gained mutation: Your muscles are strong. (Str +2) [potion
                  | of mutation]
  2824 | D:3      | Reached skill level 6 in Ice Magic
  3187 | D:3      | Learned a level 3 spell: Ozocubu's Armour
  3294 | D:3      | Reached XP level 5. HP: 37/38 MP: 2/9
  3560 | D:3      | Noticed Robin
  3585 | D:3      | Killed Robin
  3926 | D:3      | Found a sacrificial altar of Ru.
  3926 | D:3      | Found a sparkling altar of Nemelex Xobeh.
  4172 | D:3      | Noticed Terence
  4180 | D:3      | Killed Terence
  4289 | D:3      | Found an opulent altar of Gozag.
  4337 | D:3      | Lost mutation: You are robust. (+10% HP) [potion of
                  | mutation]
  4337 | D:3      | Lost mutation: Your magical capacity is low. (-10% MP)
                  | [potion of mutation]
  4337 | D:3      | Gained mutation: You expend magic power (3 MP) to
                  | strengthen your wands. [potion of mutation]
  4337 | D:3      | Gained mutation: You are covered in fur. (AC +1) [potion of
                  | mutation]
  4368 | D:3      | Found a glowing silver altar of Zin.
  4413 | D:4      | Reached skill level 1 in Short Blades
  4654 | D:4      | Reached XP level 6. HP: 36/42 MP: 5/11
  4703 | D:4      | Found a runed translucent gate.
  4703 | D:4      | Found a runed translucent gate.
  4703 | D:4      | Found a runed translucent gate.
  4725 | D:4      | Noticed an ice beast
  4725 | D:4      | Noticed Avalonian's ghost (novice BaFi)
  4726 | D:4      | Noticed Blork the orc
  4747 | D:4      | Killed Blork the orc
  5002 | D:4      | Learned a level 2 spell: Searing Ray
  5024 | D:4      | Found a stormy altar of Qazlal.
  5053 | D:4      | Reached skill level 7 in Ice Magic
  5266 | D:4      | Reached XP level 7. HP: 47/47 MP: 7/14
  5392 | D:4      | Noticed Natasha
  5401 | D:4      | Killed Natasha
  5492 | D:4      | Found a shimmering blue altar of Sif Muna.
  5805 | D:4      | Noticed Natasha
  5811 | D:4      | Killed Natasha
  5835 | D:4      | Noticed Natasha
  5847 | D:4      | Killed Natasha
  5848 | D:4      | Reached skill level 5 in Spellcasting
  6094 | D:4      | Found Aditt's General Store.
  6214 | D:5      | Entered Level 5 of the Dungeon
  6268 | D:5      | Found a shimmering altar of Xom.
  6269 | D:5      | Found a hazy altar of Hepliaklqana.
  6269 | D:5      | Noticed a cane toad
  6270 | D:5      | Noticed a spectral ugly thing
  6270 | D:5      | Noticed a cane toad
  6341 | D:5      | Noticed Edmund
  6361 | D:5      | Killed Edmund
  6371 | D:5      | Reached skill level 1 in Throwing
  6458 | D:5      | Found a sand-covered staircase.
  6462 | Ossuary  | Entered an ossuary
  6462 | Ossuary  | Noticed a wraith
  6462 | Ossuary  | Noticed a wraith
  6462 | Ossuary  | Noticed a wraith
  7389 | Ossuary  | Reached skill level 1 in Fighting
  7549 | Ossuary  | Noticed a wraith
  7568 | Ossuary  | Slain by a wraith

Illustrated notes

Levels and vault maps discovered:
D:1:      dpeg_arrival_pits, layout_basic, palyth_stone_intersect, fountainhead
D:2:      layout_rooms
D:3:      layout_loops_ring, pdpol_temple_overflow_zin_treasury_gozag_greed,
          nicolae_overflow_hidden_temple, uniq_robin, uniq_terence
D:4:      layout_basic, old_standard_altar, led_sif_pool, gammafunk_ghost_icy,
          serial_shops, nicolae_shop_trees, uniq_natasha, uniq_blork_the_orc
D:5:      layout_basic, regret_index_temple_of_mockery, okawaru_trees_2,
          enter_ossuary_5, gammafunk_ghost_grave, uniq_edmund
Ossuary:  ossuary_kennysheep_city_of_the_dead

Skill      XL: |  1  2  3  4  5  6  7 |
---------------+----------------------+-----
Ice Magic      | 5 6 7 |  7.8
Stealth        | 2 3 |  3.1
Spellcasting   | 3 4 5 |  5.4
Short Blades   | 1 |  1.8
Dodging        | 3 |  3.0
Throwing       | 1 |  1.2
Fighting       | 1 |  1.0
Slings         | |  0.1
Conjurations   | |  0.3

Action                   |  1- 3 |  4- 6 |  7- 9 || total
-------------------------+-------+-------+-------++-------
Melee: Short sword       |    28 |    65 |    68 ||   161
 Fire: Hunting sling     |     6 |       |       ||     6
Throw: Boomerang         |       |       |     6 ||     6
 Cast: Freeze            |    41 |     8 |     7 ||    56
       Frozen Ramparts   |     8 |    35 |    12 ||    55
       Ozocubu's Armour  |       |     9 |    10 ||    19
       Searing Ray       |       |       |    14 ||    14
  Use: Potion            |       |    10 |     4 ||    14
       Scroll            |       |     8 |     1 ||     9
 Stab: Sleeping          |     1 |       |       ||     1
Armor: Robe              |    10 |    24 |    15 ||    49
Dodge: Dodged            |    43 |    85 |    73 ||   201
